 Dungeon Crawl Stone Soup version 0.19.4 (webtiles) character file.

2646 dngmouse the Fighter (level 9, -3/81 (86) HPs)
             Began as a Mottled Draconian Artificer on Feb 2, 2017.
             Was an Initiate of Nemelex Xobeh.
             Slain by Jooles's ghost (9 damage)
             ... on level 7 of the Dungeon.
             The game lasted 00:36:32 (9751 turns).

dngmouse the Fighter (Mottled Draconian Artificer)  Turns: 9751, Time: 00:36:33

HP:   -3/81 (86)    AC: 10    Str: 14    XL:     9   Next: 35%
MP:   14/14         EV: 16    Int: 12    God:    Nemelex Xobeh [......]
Gold: 395           SH:  0    Dex: 15    Spells: 0 memorised, 8 levels left

rFire  . . .     SeeInvis .     v - +1 dagger (venom)
rCold  . . .     Gourm    .     (armour unavailable)
rNeg   . . .     Faith    .     (no shield)
rPois  .         Spirit   .     (helmet restricted)
rElec  .         Reflect  .     q - +0 cloak
rCorr  .         Harm     .     M - +1 pair of gloves
MR     .....                    (no boots)
Stlth  ++........               (no amulet)
                                s - +2 ring of evasion
                                (no ring)

@: lethally poisoned (-3 -> -3), short of breath
A: breathe sticky flame splash, unfitting armour, cold-blooded, AC +7
a: Breathe Sticky Flame, Renounce Religion


You were on level 7 of the Dungeon.
You worshipped Nemelex Xobeh.
Nemelex Xobeh was noncommittal.
You were hungry.

You visited 1 branch of the dungeon, and saw 7 of its levels.

You collected 395 gold pieces.

Inventory:

Hand Weapons
 t - a +3 short sword
 v - a +1 dagger of venom (weapon)
 x - a +0 falchion
 N - a +2 whip of electrocution
Missiles
 l - 5 javelins (quivered)
Armour
 q - a +0 cloak (worn)
 M - a +1 pair of gloves (worn)
Jewellery
 a - an uncursed ring of ice
 s - a +2 ring of evasion (right hand)
Wands
 b - a wand of flame (9/48)
 c - a wand of enslavement (14/24)
 d - a wand of random effects (1/48)
 m - a wand of polymorph (8/24)
 w - a wand of random effects (19/48)
 J - a wand of flame (20/48)
 K - a wand of confusion (42/48)
Scrolls
 g - 6 scrolls of identify
 i - a scroll of magic mapping {unknown}
 j - 11 scrolls of remove curse
 n - a scroll of fear {unknown}
 r - a scroll of recharging {unknown}
 y - 3 scrolls of enchant weapon {unknown}
 A - 3 scrolls of teleportation {unknown}
 D - a scroll of enchant armour {unknown}
 E - a scroll of random uselessness {unknown}
 H - a scroll of amnesia {unknown}
 L - a scroll of fog {unknown}
Potions
 e - 3 potions of flight {unknown}
 h - 3 potions of haste {unknown}
 k - a potion of resistance {unknown}
 u - 2 potions of heal wounds {unknown}
 z - a potion of agility {unknown}
 C - a potion of curing {unknown}
 F - 2 potions of brilliance
Miscellaneous
 I - a plain deck of destruction
Comestibles
 f - 3 bread rations
 o - 3 meat rations
 p - a beef jerky


   Skills:
 + Level 10.5 Fighting
 - Level 4.0 Short Blades
 + Level 4.2 Dodging
 - Level 0.8 Stealth
 - Level 6.7 Evocations


You had 8 spell levels left.
You didn't know any spells.

Dungeon Overview and Level Annotations

Branches:
Dungeon (7/15)             Temple (0/1) D:6

Altars:
Fedhas
Gozag
Hepliaklqana
Makhleb
Nemelex Xobeh
Xom
Yredelemnul

Annotations:
D:7 Jooles's ghost, novice MfTm


Innate Abilities, Weirdness & Mutations

You can spit globs of burning liquid.
You can ignite nearby creatures when you spit burning liquid.
Your weird mottled scales are hard. (AC +7)
You cannot fit into any form of body armour.
You are cold-blooded and may be slowed by cold attacks.


Message History

The ogre hits you with a giant club!
You feel sick.
The ogre burns!
The ogre burns!
You feel sick.
The ogre burns!
The ogre burns!
The ogre burns!
The ogre stops burning.
You hit Jooles's ghost but do no damage.
You feel sick. Jooles's ghost barely misses you.
You hit Jooles's ghost.
Jooles's ghost is lightly damaged.
Jooles's ghost hits you but does no damage.
The ogre hits you with a giant club!!
* * * LOW HITPOINT WARNING * * *
Unknown command.
You hit Jooles's ghost.
You tail-slap Jooles's ghost, but do no damage.
Jooles's ghost is lightly damaged.
Jooles's ghost hits you!
You die...
Your body disappears without a glow.

####....#.##### ......###.
#.............# ..........
##.............# #.........
...............# #........#
.#.............# #.#......#
##.............# ####.#......#
#......#.......# ##....#...##
#......#.......###....=.....##
..######........@W...........#
)## #.......##O...........# .#
####.#####............# .# #.#
##..........##
.##########.#####.....#######
.......................#
###########.##..###..### #
#.##.## #.## . .....# #..


You could see an ogre and Jooles's ghost.

Vanquished Creatures
  The ghost of Thrillho the Magician, a novice DECj of Vehumet (D:5)
  A hippogriff (D:5)
  An orc warrior (D:6)
  3 ogres
  3 necrophages (D:6)
  3 centaurs (D:5)
  The ghost of Paps the Sneak, an amateur GrAs of Dithmenos (D:3)
  A gnoll sergeant (D:5)
  2 howler monkeys
  A crimson imp (D:5)
  An orc priest (D:3)
  3 hounds
  A bullfrog zombie (D:6)
  A gnoll shaman (D:5)
  A bullfrog skeleton (D:5)
  An iguana (D:7)
  3 orc wizards
  2 worker ants
  A killer bee zombie (D:6)
  A hound skeleton (D:4)
  47 gnolls
  7 adders
  A shadow imp (D:6)
  2 adder zombies (D:6)
  A worm (D:3)
  5 leopard geckos
  16 orcs
  3 ball pythons
  7 giant cockroaches
  3 goblins
  12 hobgoblins
  18 jackals
  6 kobolds
  2 quokkas
  9 bats
  3 frilled lizards
  2 giant cockroach zombies (D:6)
  A quokka zombie (D:6)
  11 rats
  A bush (D:6)
189 creatures vanquished.

Vanquished Creatures (others)
  An ogre (D:4)
  A worker ant (D:6)
  A giant cockroach (D:1)
  6 plants (D:6)
9 creatures vanquished.

Grand Total: 198 creatures vanquished

Notes
Turn   | Place    | Note
-------+----------+-------------------------------------------
     0 | D:1      | dngmouse the Draconian Artificer began the quest for the Orb.
     0 | D:1      | Reached XP level 1. HP: 16/16 MP: 3/3
   290 | D:1      | Reached XP level 2. HP: 6/24 MP: 4/4
   582 | D:1      | Reached skill level 2 in Fighting
  1072 | D:2      | Reached XP level 3. HP: 30/30 MP: 5/5
  1568 | D:3      | Noticed Paps's ghost (amateur GrAs)
  1793 | D:3      | Killed Paps's ghost
  1793 | D:3      | Reached skill level 3 in Fighting
  1793 | D:3      | Reached XP level 4. HP: 16/38 MP: 6/6
  2186 | D:3      | Found an opulent altar of Gozag.
  2384 | D:3      | Reached XP level 5. HP: 45/45 MP: 7/7
  2559 | D:3      | Found a shimmering altar of Xom.
  2603 | D:3      | Reached skill level 4 in Fighting
  2993 | D:4      | Found a shimmering altar of Xom.
  2993 | D:4      | Found a shimmering altar of Xom.
  3014 | D:4      | Found a shimmering altar of Xom.
  3018 | D:4      | Found a shimmering altar of Xom.
  3019 | D:4      | Found a shimmering altar of Xom.
  3032 | D:4      | Noticed an ogre
  3051 | D:4      | Noticed an ogre
  3057 | D:4      | Reached XP level 6. HP: 21/53 MP: 9/9
  3513 | D:4      | Found a sparkling altar of Nemelex Xobeh.
  3699 | D:4      | Reached skill level 5 in Fighting
  3950 | D:5      | Entered Level 5 of the Dungeon
  3957 | D:5      | Noticed a hippogriff
  4048 | D:5      | Killed a hippogriff
  4048 | D:5      | Reached skill level 6 in Fighting
  4048 | D:5      | Reached skill level 5 in Evocations
  4048 | D:5      | Your scales start taking on a weird mottled colour.
  4048 | D:5      | Reached XP level 7. HP: 15/63 MP: 10/10
  4494 | D:5      | Found a burning altar of Makhleb.
  4891 | D:5      | Noticed Thrillho's ghost (novice DECj)
  5056 | D:4      | Reached skill level 7 in Fighting
  5371 | D:5      | Killed Thrillho's ghost
  5371 | D:5      | Reached XP level 8. HP: 54/74 MP: 12/12
  5443 | D:5      | Reached skill level 8 in Fighting
  6739 | D:5      | Reached skill level 9 in Fighting
  7484 | D:5      | Noticed an efreet
  7914 | D:6      | Reached XP level 9. HP: 40/85 MP: 14/14
  8154 | D:6      | Found a hazy altar of Hepliaklqana.
  8247 | D:6      | Found a basalt altar of Yredelemnul.
  8315 | D:6      | Found a staircase to the Ecumenical Temple.
  8531 | D:6      | Found a blossoming altar of Fedhas.
  8772 | D:4      | Became a worshipper of Nemelex Xobeh the Trickster
  8911 | D:6      | Reached skill level 10 in Fighting
  9389 | D:7      | Received a gift from Nemelex Xobeh
  9731 | D:7      | Noticed Jooles's ghost (novice MfTm)
  9751 | D:7      | Slain by Jooles's ghost

Skill      XL: |  1  2  3  4  5  6  7  8  9 |
---------------+----------------------------+-----
Fighting       | 2 3 4 6 7 9 10 | 10.5
Short Blades   | 2 3 4 |  4.0
Evocations     | 4 5 6 |  6.7
Dodging        | 2 4 |  4.2
Stealth        | |  0.8

Action                   |  1- 3 |  4- 6 |  7- 9 || total
-------------------------+-------+-------+-------++-------
Melee: Short sword       |   154 |    40 |       ||   194
       Tailslap          |    14 |    22 |   118 ||   154
       Dagger            |       |    99 |   644 ||   743
       Whip              |       |       |     8 ||     8
       Falchion          |       |       |     8 ||     8
Throw: Javelin           |       |       |     7 ||     7
 Abil: Breathe Sticky Fl |       |       |    11 ||    11
Evoke: Wand              |    12 |     5 |     4 ||    21
  Use: Scroll            |       |       |     2 ||     2
 Stab: Sleeping          |     3 |     1 |       ||     4
       Confused          |     1 |       |     3 ||     4
       Betrayed ally     |       |     1 |       ||     1
       Distracted        |       |       |     2 ||     2
  Eat: Chunk             |     1 |     7 |    22 ||    30
Armor: Skin              |    57 |    35 |   134 ||   226
Dodge: Dodged            |   128 |    83 |   339 ||   550
       Rpst.: Falchion   |       |       |     2 ||     2
